 Dungeon Crawl Stone Soup version 0.30.1-1-g62c8e00024 (webtiles) character file.

Game seed: 11051098858985412490

52 CrazyBamboolord the Vexing (level 3, -2/27 HPs)
             Began as a Barachi Hexslinger on July 17, 2023.
             Slain by a gnoll
             ... wielding a +0 flail
              (4 damage)
             ... on level 2 of the Dungeon.
             The game lasted 00:05:24 (1408 turns).

CrazyBamboolord the Vexing (Barachi Hexslinger)     Turns: 1408, Time: 00:05:24

Health: -2/27      AC:  3    Str: 11    XL:     3   Next: 85%
Magic:  4/5        EV: 12    Int: 13    God:
Gold:   86         SH:  0    Dex: 14    Spells: 0/5 levels left

rFire   . . .        a - +1 sling
rCold   . . .        (no shield)
rNeg    . . .        c - +0 robe
rPois   .            (no helmet)
rElec   .            g - +0 cloak
rCorr   .            (no gloves)
SInv    .            (no boots)
Will    .....        (no amulet)
Stlth   +            (no ring)
HPRegen 0.24/turn    (no ring)
MPRegen 0.09/turn

%: no passive effects
@: slow
A: amphibious, slowness 1, strong legs 1, +LOS
a: Hop


You were on level 2 of the Dungeon.
You visited 1 branch of the dungeon, and saw 3 of its levels.

You collected 86 gold pieces.

Inventory:

Hand Weapons
 a - a +1 sling (weapon)
Armour
 c - a +0 robe (worn)
 g - a +0 cloak (worn)
Scrolls
 b - a scroll of poison
 f - a scroll of vulnerability
 i - a scroll of summoning
 j - a scroll of immolation {unknown}
 m - a scroll of enchant armour {unknown}
 n - a scroll of noise {unknown}
 o - a scroll of amnesia {unknown}
Potions
 d - a potion of haste
 e - a potion of curing
 h - a potion of attraction {unknown}
 k - 2 potions of brilliance {unknown}
 l - a potion of berserk rage {unknown}


   Skills:
 * Level 1.7 Fighting
 * Level 3.1 Ranged Weapons
 * Level 2.4 Dodging
 * Level 1.5 Spellcasting
 * Level 3.5 Hexes
 * Level 1.0 Translocations


You couldn't memorise any spells.
You knew the following spells:

 Your Spells              Type           Power      Damage    Failure   Level
a - Slow                  Hex            40%        N/A       6%          1
b - Apportation           Tloc           6%         N/A       19%         1
c - Portal Projectile     Hex/Tloc       12%        N/A       30%         3

Your spell library contained the following spells:

 Spells                   Type           Power      Damage    Failure   Level
 Inner Flame              Hex/Fire       5%         N/A       36%         3
 Sublimation of Blood     Necr           1%         N/A       38%         2
 Wereblood                Tmut           1%         N/A       38%         2
 Cause Fear               Hex            5%         N/A       52%         4
 Alistair's Intoxication  Tmut/Pois      0%         N/A       100%        5
 Summon Hydra             Summ           0%         N/A       100%        7


Dungeon Overview and Level Annotations

Branches:
Dungeon (3/15)

Altars:
Dithmenos


Innate Abilities, Weirdness & Mutations

You are amphibious.
You cover ground slowly.
You can hop short distances.
You have an extended range of vision and can be seen from far away.


Message History

Aiming: Slow (safe; 6% risk of failure)
Press: ? - help, Q - select action, (/) - cycle Shift-Dir - straight line, f/p - gnoll
Aim: a gnoll, wielding a +0 flail (lightly wounded, slow, chance to affect: 52%)
The gnoll seems to slow down.
The gnoll closely misses you.
Fire: a) +1 sling
Press: ? - help, Shift-Dir - straight line, f/p - gnoll
Aim: a gnoll, wielding a +0 flail (lightly wounded, slow, 61% to hit)
You shoot a sling bullet. The sling bullet hits the gnoll.
The gnoll is moderately wounded.
The gnoll hits you with a +0 flail.
Unknown command.
Fire: a) +1 sling
Press: ? - help, Shift-Dir - straight line, f/p - gnoll
Aim: a gnoll, wielding a +0 flail (moderately wounded, slow, 61% to hit)
You shoot a sling bullet. The sling bullet hits the gnoll.
The gnoll is heavily wounded.
The gnoll hits you with a +0 flail!
* * * LOW HITPOINT WARNING * * *
Fire: a) +1 sling
Press: ? - help, Shift-Dir - straight line, f/p - gnoll
Aim: a gnoll, wielding a +0 flail (heavily wounded, slow, 61% to hit)
You shoot a sling bullet.
The sling bullet closely misses the gnoll.
Unknown command.
Fire: a) +1 sling
Press: ? - help, Shift-Dir - straight line, f/p - gnoll
Aim: a gnoll, wielding a +0 flail (heavily wounded, slow, 61% to hit)
You shoot a sling bullet.
The sling bullet barely misses the gnoll.
You are ready to hop once more.
The gnoll closely misses you.
Unknown command.
Fire: a) +1 sling
Press: ? - help, Shift-Dir - straight line, f/p - gnoll
Aim: a gnoll, wielding a +0 flail (heavily wounded, slow, 61% to hit)
You shoot a sling bullet. The sling bullet hits the gnoll.
The gnoll is heavily wounded.
The gnoll hits you with a +0 flail.
You die...

.........# .........# #####
####.....#########...############
)÷.).............+...†>..........
##...###.#########.).#.#########.
##...# #.# #...#.# #..... ##...#
#.#########...#.# #.###.
##...###.........g####.# #.....
.#..............@.# #.# ######
.).......#############.##########
.##.####.# #..........#.....
###.####.### #.####'###.#.####
#.##.....# #.......##.#.#
#.##.....# #.......##.#)#
#<##.....# #.......##.#.#
####.....# #.......##.#.# ###.###
#.......##.#.####


You could see a gnoll (slow).

Vanquished Creatures
  An adder (D:2)
  A worm (D:2)
  3 ball pythons (D:2)
  2 bats
  4 endoplasms
  A giant cockroach (D:2)
  6 goblins
  3 hobgoblins (D:1)
  4 jackals (D:2)
  A quokka (D:1)
  A frilled lizard (D:2)
  4 kobolds
  5 rats
36 creatures vanquished.

Notes
Turn   | Place    | Note
-------+----------+-------------------------------------------
     0 | D:1      | CrazyBamboolord the Barachi Hexslinger began the quest for
                  | the Orb.
     0 | D:1      | Reached XP level 1. HP: 15/15 MP: 2/2
   107 | D:1      | Learned a level 1 spell: Apportation
   169 | D:1      | Reached XP level 2. HP: 19/21 MP: 3/3
   369 | D:1      | Found a faded altar of an unknown god.
   802 | D:2      | Reached XP level 3. HP: 26/26 MP: 5/5
  1233 | D:2      | Found a shadowy altar of Dithmenos.
  1315 | D:2      | Reached skill level 1 in Translocations
  1386 | D:2      | Learned a level 3 spell: Portal Projectile
  1405 | D:2      | HP: 1/27 [gnoll/+0 flail (9)]
  1408 | D:2      | Slain by a gnoll

Illustrated notes

Levels and vault maps discovered:
D:1:      dpeg_arrival_simpleton_a, layout_basic,
          shapermc_ecumenical_altar_totnotflames
D:2:      layout_basic, basic_altar
D:3:      layout_loops_cross

Skill      XL: |  1  2  3 |
---------------+----------+-----
Ranged Weapons | 3 |  3.1
Translocations | 1 |  1.0
Fighting       | |  1.7
Dodging        | |  2.4
Spellcasting   | |  1.5
Hexes          | |  3.5

Action                     || total
---------------------------++-------
   Fire: Sling             ||   141
   Cast: Slow              ||    21
Ability: Hop               ||     2
    Use: Scroll            ||     3
         Potion            ||     1
 Armour: Robe              ||    19
  Dodge: Dodged            ||    64
